 Dungeon Crawl Stone Soup version 0.31-a0-1178-gc5c9b8f871 (webtiles) character file.

Game seed: 10072993341312790271

56 grandjackal the Trooper (level 3, 0/29 HPs)
             Began as a Demonspawn Gladiator on Dec 12, 2023.
             Slain by a phantom (3 damage)
             ... on level 4 of the Dungeon.
             The game lasted 00:01:48 (1725 turns).

grandjackal the Trooper (Demonspawn Gladiator)      Turns: 1725, Time: 00:01:48

Health: 0/29       AC: 11    Str: 16    XL:     3   Next: 69%
Magic:  3/3        EV:  8    Int:  8    God:
Gold:   81         SH:  0    Dex: 14    Spells: 2/2 levels left

rFire   . .          .
                       - Unarmed
rCold   . . .        (no shield)
rNeg    . . .        p - +2 chain mail {rPois}
rPois   +            c - +0 helmet
rElec   .            (no cloak)
rCorr   .            (no gloves)
SInv    .            (no boots)
Will    .....        (no amulet) Stlth
                     (no ring)
HPRegen 0.24/turn    (no ring)
MPRegen 0.08/turn

%: no passive effects
@: no status effects
A: claws 2
a: no special abilities


You were on level 4 of the Dungeon.
You visited 1 branch of the dungeon, and saw 4 of its levels.

You collected 81 gold pieces.

Inventory:

Hand Weapons
 a - a +0 war axe
Missiles
 d - 3 throwing nets (quivered)
 e - a javelin
Armour
 c - a +0 helmet (worn)
 p - a +2 chain mail of poison resistance (worn)
Jewellery
 f - a +5 ring of evasion
Scrolls
 b - a scroll of poison {unknown}
 g - a scroll of vulnerability {unknown}
 j - a scroll of teleportation {unknown}
 m - a scroll of fear {unknown}
 n - a scroll of enchant armour {unknown}
 o - a scroll of fog {unknown}
Potions
 h - a potion of heal wounds {unknown}
 i - a potion of might {unknown}
 k - a potion of curing {unknown}
 l - a potion of degeneration {unknown}
 q - a potion of cancellation {unknown}


   Skills:
 + Level 3.0 Fighting
 - Level 2.8 Axes
 - Level 2.0 Throwing
 - Level 2.8 Dodging
 + Level 1.6 Unarmed Combat


You had 2 spell levels left.
You didn't know any spells.
Your spell library contained the following spells:

 Spells                   Type           Power      Damage    Failure   Level
 Summon Guardian Golem    Hex/Summ       0%         N/A       100%        3
 Orb of Destruction       Conj           0%         9d5       100%        7
 Spellforged Servitor     Conj/Summ      0%         N/A       100%        7


Dungeon Overview and Level Annotations

Branches:
Dungeon (4/15)
 Temple: D:4-7

Altars:
Okawaru


Innate Abilities, Weirdness & Mutations

You have very sharp fingernails.


Message History

* * * LOW HITPOINT WARNING * * *
You climb downwards.
The goblin closely misses you.
The phantom hits you but does no damage.
There is a stone staircase leading up here.
The phantom hits you.
* * * LOW HITPOINT WARNING * * *
You scratch the goblin.
The goblin is moderately wounded.
The goblin hits you but does no damage.
You scratch the goblin.
You kill the goblin!
You scratch the phantom.
The phantom is lightly damaged.
The phantom closely misses you.
You completely miss the phantom.
The phantom is lightly damaged.
The phantom hits you.
* * * LOW HITPOINT WARNING * * *
You closely miss the phantom.
The phantom is lightly damaged.
The phantom hits you.
* * * LOW HITPOINT WARNING * * *
You scratch the phantom.
The phantom is moderately damaged.
The phantom hits you.
* * * LOW HITPOINT WARNING * * *
You scratch the phantom.
The phantom is heavily damaged.
The phantom hits you.
* * * LOW HITPOINT WARNING * * *
You miss the phantom.
The phantom is heavily damaged.
The phantom barely misses you.
You completely miss the phantom.
The phantom is heavily damaged.
The phantom barely misses you.
You miss the phantom.
The phantom is heavily damaged.
The phantom hits you.
You die...

# ##. #..#####
##......# ........#
........# . #.><###
...#.....#########.
_........oW@.......
....#...<.##########
... #....##
..........
..........#
........$#
.........#
...(.....#
........##


You could see a phantom and an orc.

Vanquished Creatures
  An adder (D:2)
  An orc (D:3)
  2 ball pythons
  5 endoplasms
  6 giant cockroaches
  2 goblins
  2 hobgoblins (D:1)
  4 jackals (D:1)
  5 quokkas
  3 bats (D:1)
  4 kobolds
  3 rats (D:1)
38 creatures vanquished.

Notes
Turn   | Place    | Note
-------+----------+-------------------------------------------
     0 | D:1      | grandjackal the Demonspawn Gladiator began the quest for
                  | the Orb.
     0 | D:1      | Reached XP level 1. HP: 16/16 MP: 1/1
   218 | D:1      | Discovered your monstrous ancestry.
   218 | D:1      | Gained mutation: You have sharp fingernails. [demonic
                  | ancestry]
   218 | D:1      | Reached XP level 2. HP: 13/22 MP: 2/2
   622 | D:1      | Reached skill level 1 in Unarmed Combat
   678 | D:1      | Gained mutation: You have very sharp fingernails. [demonic
                  | ancestry]
   678 | D:1      | Reached XP level 3. HP: 19/28 MP: 3/3
  1600 | D:3      | Reached skill level 3 in Fighting
  1677 | D:4      | Found an iron altar of Okawaru.
  1679 | D:4      | Noticed a phantom
  1725 | D:4      | Slain by a phantom

Illustrated notes

Levels and vault maps discovered:
D:1:      dpeg_cavernosity, layout_basic, minmay_misc_feat_pillars
D:2:      layout_basic
D:3:      layout_rooms, minmay_tree_intersection, chequers_serial_rivers_small_b
D:4:      layout_rooms, okawaru_gym_becter, nicolae_tso_besieged_by_evil,
          lemuel_zombie_altar_yredelemnul, gammafunk_ghost_grave

Skill      XL: |  1  2  3 |
---------------+----------+-----
Throwing       | 2 |  2.0
Unarmed Combat | 1 |  1.6
Fighting       | 3 |  3.0
Axes           | |  2.8
Dodging        | |  2.8

Action                     || total
---------------------------++-------
  Melee: War axe           ||    72
         Unarmed           ||    39
         Punch             ||     2
   Stab: Sleeping          ||     1
 Armour: Leather armour    ||    51
         Chain mail        ||    19
  Dodge: Dodged            ||    94

Table legend: (Time is in decaauts)
 A = Elapsed time spent in this place.
 B = Non-inter-level travel time spent in this place.
 C = Inter-level travel time spent in this place.
 D = Time resting spent in this place.
 E = Time spent auto-exploring this place.
 F = Levels seen in this place.
 G = Mean time per level.
                   A        B        C        D        E       F      G
               +--------+--------+--------+--------+--------+-----+--------+
         Total |   1750 |   1690 |     60 |     39 |   1350 |   4 |  437.5 |
       Dungeon |   1750 |   1690 |     60 |     39 |   1350 |   4 |  437.5 |
               +--------+--------+--------+--------+--------+-----+--------+

Top non-repeatable levels by time:
     D:1: 926 daAuts
     D:2: 659 daAuts
     D:3: 145 daAuts
     D:4: 19 daAuts
